 Dungeon Crawl Stone Soup version 0.32-a0-136-gc02482bde3 (webtiles) character file.

Game seed: 16370367658271058457

264 CougarLife the Digger (level 6, 0/44 HPs)
             Began as a Gnoll Earth Elementalist on Feb 10, 2024.
             Slain by a phantom (6 damage)
             ... on level 4 of the Dungeon.
             The game lasted 00:03:02 (3051 turns).

CougarLife the Digger (Gnoll Earth Elementalist)    Turns: 3051, Time: 00:03:03

Health: 0/44       AC:  2    Str:  7    XL:     6   Next: 19%
Magic:  3/14       EV: 13    Int: 17    God:
Gold:   91         SH:  0    Dex: 12    Spells: 11/15 levels left

rFire   . . .        e - +0 dagger
rCold   . . .        (no shield)
rNeg    . . .        a - +0 robe
rPois   .            (no helmet)
rElec   .            (no cloak)
rCorr   .            (no gloves)
SInv    .            (no boots)
Will    .....        (no amulet)
Stlth   +++          (no ring)
HPRegen 0.27/turn    (no ring)
MPRegen 0.14/turn

%: no passive effects
@: no status effects
A: fangs 1, strong nose, distributed training
a: no special abilities


You were on level 4 of the Dungeon.
You visited 1 branch of the dungeon, and saw 4 of its levels.

You collected 91 gold pieces.

Inventory:

Hand Weapons
 e - a +0 dagger (weapon)
Armour
 a - a +0 robe (worn)
Wands
 p - a wand of polymorph (9)
Scrolls
 f - a scroll of blinking {unknown}
 g - a scroll of identify {unknown}
 j - a scroll of immolation {unknown}
 k - a scroll of enchant armour {unknown}
 l - a scroll of fear {unknown}
 o - 2 scrolls of revelation {unknown}
 q - a scroll of teleportation {unknown}
Potions
 b - a potion of magic
 c - a potion of lignification {unknown}
 d - a potion of brilliance {unknown}
 h - 2 potions of degeneration {unknown}
 i - a potion of haste {unknown}
 m - a potion of curing {unknown}
 n - a potion of attraction {unknown}
 r - a potion of enlightenment {unknown}


   Skills:
 + Level 1.9 Fighting
 + Level 1.9 Short Blades
 + Level 1.9 Long Blades
 + Level 1.9 Axes
 + Level 1.9 Maces & Flails
 + Level 1.9 Polearms
 + Level 1.9 Staves
 + Level 1.9 Ranged Weapons
 + Level 1.9 Throwing
 + Level 1.9 Armour
 + Level 5.0 Dodging
 + Level 4.6 Stealth
 + Level 1.9 Shields
 + Level 1.9 Unarmed Combat
 + Level 5.3 Spellcasting
 + Level 2.6 Conjurations
 + Level 1.5 Hexes
 + Level 1.5 Summonings
 + Level 1.5 Necromancy
 + Level 1.5 Translocations
 + Level 1.5 Fire Magic
 + Level 1.5 Ice Magic
 + Level 1.5 Air Magic
 + Level 5.6 Earth Magic
 + Level 1.5 Alchemy
 + Level 2.1 Invocations
 + Level 1.9 Evocations
 + Level 1.7 Shapeshifting


You had 11 spell levels left.
You knew the following spells:

 Your Spells              Type           Power      Damage    Failure   Level
a - Sandblast             Erth           46%        2d11      1%          1
b - Stone Arrow           Conj/Erth      36%        3d9       8%          3

Your spell library contained the following spells:

 Spells                   Type           Power      Damage    Failure   Level
 Passwall                 Erth           23%        N/A       4%          3
 Freeze                   Ice            36%        1d5       8%          1
 Ensorcelled Hibernation  Hex/Ice        18%        N/A       11%         2
 Hailstorm                Conj/Ice       11%        3d6       17%         3
 Frozen Ramparts          Ice            18%        1d3       22%         3
 Swiftness                Air            9%         N/A       22%         3
 Brom's Barrelling Bould  Conj/Erth      18%        2d4       26%         4
 Leda's Liquefaction      Alch/Erth      8%         N/A       30%         4
 Petrify                  Alch/Erth      16%        N/A       30%         4
 Metabolic Englaciation   Hex/Ice        4%         N/A       90%         5


Dungeon Overview and Level Annotations

Branches:
Dungeon (4/15)
 Temple: D:4-7

Altars:
Sif Muna
Wu Jian


Innate Abilities, Weirdness & Mutations

You have very sharp teeth.
Your uncanny sense of smell can sniff out nearby items.
Your experience applies equally to all skills.


Message History

Aiming: Sandblast (safe; 1% risk of failure)
Press: ? - help, Shift-Dir - straight line, f/p - iguana
Aim: an iguana (severely wounded, 85% to hit)
The blast of sand hits the iguana.
You kill the iguana!
The phantom barely misses you.
Your Dodging skill increases to level 5!
Casting: Sandblast (safe; 1% risk of failure)
Confirm with . or Enter, or press ? or * to list all spells.
Aiming: Sandblast (safe; 1% risk of failure)
Press: ? - help, Shift-Dir - straight line, f - phantom
Aim: a phantom (lightly damaged, 76% to hit)
The blast of sand hits the phantom!
The phantom is severely damaged.
The phantom hits you!
* * * LOW HITPOINT WARNING * * *
The phantom blinks!
You blink.
The phantom hits you.
* * * LOW HITPOINT WARNING * * *
Casting: Sandblast (safe; 1% risk of failure)
Confirm with . or Enter, or press ? or * to list all spells.
Aiming: Sandblast (safe; 1% risk of failure)
Press: ? - help, Shift-Dir - straight line, f/p - phantom
Aim: a phantom (severely damaged, 76% to hit)
The blast of sand hits the phantom.
The phantom is almost destroyed.
The phantom closely misses you.
Casting: Sandblast (safe; 1% risk of failure)
Confirm with . or Enter, or press ? or * to list all spells.
Aiming: Sandblast (safe; 1% risk of failure)
Press: ? - help, Shift-Dir - straight line, f/p - phantom
Aim: a phantom (almost destroyed, 76% to hit)
The blast of sand misses the phantom.
The phantom misses you. The phantom closely misses you.
Casting: Sandblast (safe; 1% risk of failure)
Confirm with . or Enter, or press ? or * to list all spells.
Aiming: Sandblast (safe; 1% risk of failure)
Press: ? - help, Shift-Dir - straight line, f/p - phantom
Aim: a phantom (almost destroyed, 76% to hit)
The blast of sand misses the phantom.
The phantom hits you.
You die...

#.. #.#.......#
#...##.#...##..#
#.................
##.###.#.##.#..##.
#.....# .# .#
#######.............
#......$............
#.#..................
.......@.............
........W.####.......
..........# .......
###.......# .......
#.......# ####.####
.. .#


You could see a phantom.

Vanquished Creatures
  A water moccasin (D:4)
  An iguana (D:4)
  4 gnolls (D:2)
  3 adders
  A dart slug (D:1)
  3 ribbon worms
  3 bats
  8 endoplasms
  2 giant cockroaches
  5 goblins
  6 hobgoblins
  A quokka (D:1)
  8 ball pythons
  4 frilled lizards
  9 kobolds
  3 rats
62 creatures vanquished.

Notes
Turn   | Place    | Note
-------+----------+-------------------------------------------
     0 | D:1      | CougarLife the Gnoll Earth Elementalist began the quest for
                  | the Orb.
     0 | D:1      | Reached XP level 1. HP: 13/13 MP: 6/6
   175 | D:1      | Reached XP level 2. HP: 19/19 MP: 5/7
   698 | D:1      | Reached skill level 5 in Spellcasting
   698 | D:1      | Reached XP level 3. HP: 25/25 MP: 4/9
   702 | D:1      | Learned a level 3 spell: Stone Arrow
  1163 | D:2      | Reached skill level 1 in Invocations
  1201 | D:2      | Found a faded altar of an unknown god.
  1396 | D:2      | Reached skill level 1 in Fighting
  1396 | D:2      | Reached skill level 1 in Short Blades
  1396 | D:2      | Reached skill level 1 in Long Blades
  1396 | D:2      | Reached skill level 1 in Axes
  1396 | D:2      | Reached skill level 1 in Maces & Flails
  1396 | D:2      | Reached skill level 1 in Polearms
  1396 | D:2      | Reached skill level 1 in Staves
  1396 | D:2      | Reached skill level 1 in Ranged Weapons
  1396 | D:2      | Reached skill level 1 in Throwing
  1396 | D:2      | Reached skill level 1 in Armour
  1396 | D:2      | Reached skill level 1 in Shields
  1396 | D:2      | Reached skill level 1 in Unarmed Combat
  1396 | D:2      | Reached skill level 1 in Evocations
  1517 | D:2      | Reached skill level 1 in Shapeshifting
  1517 | D:2      | Reached XP level 4. HP: 32/32 MP: 8/11
  1520 | D:2      | Reached skill level 1 in Hexes
  1520 | D:2      | Reached skill level 1 in Summonings
  1520 | D:2      | Reached skill level 1 in Necromancy
  1520 | D:2      | Reached skill level 1 in Translocations
  1520 | D:2      | Reached skill level 1 in Fire Magic
  1520 | D:2      | Reached skill level 1 in Ice Magic
  1520 | D:2      | Reached skill level 1 in Air Magic
  1520 | D:2      | Reached skill level 1 in Alchemy
  2091 | D:3      | Found a shimmering blue altar of Sif Muna.
  2214 | D:3      | Reached XP level 5. HP: 37/37 MP: 10/12
  2353 | D:3      | Found an ornate altar of the Wu Jian Council.
  2948 | D:4      | Noticed a water moccasin
  2953 | D:4      | Killed a water moccasin
  2954 | D:4      | Reached XP level 6. HP: 44/44 MP: 8/14
  3048 | D:4      | Reached skill level 5 in Dodging
  3051 | D:4      | Slain by a phantom

Illustrated notes

Levels and vault maps discovered:
D:1:      dpeg_arrival_signposts, layout_basic, bh_walls_and_bars
D:2:      minmay_kobold_bridge, layout_basic,
          hellmonk_ecumenical_altar_heavens_door, grunt_ministairs_2
D:3:      layout_loops_ring, nicolae_wu_jian_wuxing_cycle,
          mainiacjoe_overflow_chevrons
D:4:      layout_loops_cross, minmay_temple_entry_statues_fountains

Skill      XL: |  1  2  3  4  5  6 |
---------------+-------------------+-----
Conjurations   | 2 |  2.6
Spellcasting   | 5 |  5.3
Invocations    | 1 2 |  2.1
Fighting       | 1 |  1.9
Short Blades   | 1 |  1.9
Long Blades    | 1 |  1.9
Axes           | 1 |  1.9
Maces & Flails | 1 |  1.9
Polearms       | 1 |  1.9
Staves         | 1 |  1.9
Ranged Weapons | 1 |  1.9
Throwing       | 1 |  1.9
Armour         | 1 |  1.9
Shields        | 1 |  1.9
Unarmed Combat | 1 |  1.9
Evocations     | 1 |  1.9
Shapeshifting  | 1 |  1.7
Hexes          | 1 |  1.5
Summonings     | 1 |  1.5
Necromancy     | 1 |  1.5
Translocations | 1 |  1.5
Fire Magic     | 1 |  1.5
Ice Magic      | 1 |  1.5
Air Magic      | 1 |  1.5
Alchemy        | 1 |  1.5
Dodging        | 5 |  5.0
Stealth        | |  4.6
Earth Magic    | |  5.6

Action                     |  1- 3 |  4- 6 || total
---------------------------+-------+-------++-------
  Melee: Unarmed           |     1 |       ||     1
   Cast: Sandblast         |    38 |    53 ||    91
         Stone Arrow       |       |     1 ||     1
 Armour: Robe              |     3 |    13 ||    16
  Dodge: Dodged            |     3 |    22 ||    25

Table legend: (Time is in decaauts)
 A = Elapsed time spent in this place.
 B = Non-inter-level travel time spent in this place.
 C = Inter-level travel time spent in this place.
 D = Time resting spent in this place.
 E = Time spent auto-exploring this place.
 F = Levels seen in this place.
 G = Mean time per level.
                   A        B        C        D        E       F      G
               +--------+--------+--------+--------+--------+-----+--------+
         Total |   3094 |   3013 |     81 |    148 |   2515 |   4 |  773.5 |
       Dungeon |   3094 |   3013 |     81 |    148 |   2515 |   4 |  773.5 |
               +--------+--------+--------+--------+--------+-----+--------+

Top non-repeatable levels by time:
     D:1: 1163 daAuts
     D:2: 908 daAuts
     D:3: 771 daAuts
     D:4: 251 daAuts
